 Dungeon Crawl Stone Soup version 0.18.1-5-g4a78601 (webtiles) character file.

20679 IcyTea the Basher (level 12, -1/72 HPs)
             Began as a Gargoyle Fighter on May 9, 2016.
             Was an Elder of Qazlal.
             Slain by a torpor snail (15 damage)
             ... on level 3 of the Lair of Beasts.
             The game lasted 01:16:03 (11825 turns).

IcyTea the Basher (Gargoyle Fighter)               Turns: 11825, Time: 01:16:03

Health: -1/72      AC: 21    Str: 23    XL:     12   Next: 82%
Magic:  22/28      EV:  8    Int: 10    God:    Qazlal [****..]
Gold:   751        SH: 18    Dex: 10    Spells: 2 memorised, 6 levels left

rFire  + . .     SeeInvis .     a - +0 morningstar
rCold  . . .     Gourm    .     E - +0 scale mail of the Iron Devil {rElec MP+9}
rNeg   + . .     Faith    .     c - +1 shield
rPois  ∞         Spirit   .     e - +0 helmet
rElec  +         Dismiss  .     r - +0 cloak
rCorr  .         Reflect  .     h - +1 pair of gloves
SustAt .         Harm     .     (no boots)
MR     .....                    (no amulet)
Stlth  ..........               I - ring of protection from fire
                                v - ring of flight

@: slowed, repel missiles, very slow, not resistant to hostile enchantments,
extremely unstealthy
A: negative energy resistance 1, electricity resistance, unbreathing,
petrification resistance, rot immunity, AC +8
a: Upheaval, Elemental Force, Renounce Religion, Evoke Flight


You were on level 3 of the Lair of Beasts.
You worshipped Qazlal.
Qazlal was greatly pleased with you.
You were not hungry.

You visited 3 branches of the dungeon, and saw 19 of its levels.
You also visited: Labyrinth.

You collected 751 gold pieces.

Inventory:

Hand Weapons
 a - a +0 morningstar (weapon)
 l - a +2 whip of flaming
Missiles
 H - 4 throwing nets
 O - 7 javelins of penetration (quivered)
Armour
 c - a +1 shield (worn)
 e - a +0 helmet (worn)
 h - a +1 pair of gloves (worn)
 r - a +0 cloak (worn)
 s - a +0 plate armour
 E - the +0 scale mail of the Iron Devil (worn) {rElec MP+9}
   (You took it off a minotaur in a labyrinth)

   It insulates you from electricity.
   It affects your magic capacity (+9).
 N - a +0 shield
 R - a cursed +0 chain mail
Rods
 D - a +1 rod of inaccuracy (12/12)
   (You took it off a minotaur in a labyrinth)
Jewellery
 v - a ring of flight (left hand)
 I - a ring of protection from fire (right hand)
Wands
 d - a wand of flame (20/48)
 o - a wand of acid (10/15)
 q - a wand of digging (14/24)
 x - a wand of flame (3/48)
 P - a wand of digging (7/24)
 Q - a wand of disintegration (19/24)
Scrolls
 g - 2 scrolls of remove curse
 k - 3 scrolls of teleportation
 t - a scroll of immolation
 u - 3 scrolls of enchant weapon
 y - 4 scrolls of identify
 B - a scroll of blinking
 C - a scroll of fear
 K - a scroll of amnesia {unknown}
 L - a scroll of magic mapping
Potions
 b - 2 potions of lignification
 j - a potion of brilliance
 p - 4 potions of curing
 M - a potion of berserk rage
Books
 F - a book of Necromancy

   Spells                             Type                      Level
   a - Pain                           Necromancy                   1
   b - Animate Skeleton               Necromancy                   1
   c - Vampiric Draining              Necromancy                   3
   d - Regeneration                   Charms/Necromancy            3
   e - Animate Dead                   Necromancy                   4
   f - Control Undead                 Necromancy                   4
 G - a book of the Tempests

   Spells                             Type                      Level
   a - Static Discharge               Conjuration/Air              3
   b - Lightning Bolt                 Conjuration/Air              5
   c - Fireball                       Conjuration/Fire             5
   d - Tornado                        Air                          9
   e - Shatter                        Earth                        9
Miscellaneous
 J - a crystal ball of energy
Comestibles
 f - 8 bread rations
 i - 6 fruits
 m - 6 beef jerkies
 n - 6 meat rations
 w - 3 slices of pizza
 A - 10 royal jellies
 S - 2 chunks of flesh


   Skills:
 - Level 7.1 Fighting
 - Level 12.0 Maces & Flails
 - Level 4.8 Throwing
 - Level 7.1 Armour
 + Level 8.9 Shields
 - Level 9.3 Invocations
 - Level 7.8 Evocations


You had 6 spell levels left.
You knew the following spells:

 Your Spells              Type           Power        Failure   Level  Hunger
a - Corpse Rot            Necr           N/A          100%        2    ###....
b - Mephitic Cloud        Conj/Pois/Air  #.......     100%        3    ####...


Dungeon Overview and Level Annotations

Branches:
Dungeon (11/15)              Lair (6/8) D:10          Swamp (0/4) Lair:4
    Orc (2/2) D:11
 Temple: D:4-7        Snake: Lair:3-6    Spider: Lair:3-6     Slime: Lair:6-8
    Elf: Orc:2

Altars:
Qazlal
Sif Muna
Vehumet
Xom

Shops:
D:9 (   D:11 }}

Annotations:
D:4 Blork the orc
Lair:5 Kirke


Innate Abilities, Weirdness & Mutations

You are resistant to torment.
Your stone body is resilient (AC +8).
You are immune to poison.
You resist negative energy.
You are resistant to electric shocks.
You can survive without breathing.
You are immune to petrification.
You are immune to rotting.


Message History

Your protection from physical attacks is fading.
You block the sheep's attack.
You hit the sheep but do no damage. You block the sheep's attack.
You barely miss the sheep. The sheep bites you.
* * * LOW HITPOINT WARNING * * *
You block the torpor snail's attack. You block the sheep's attack.
Your scale mail of the Iron Devil prevents you from hitting the sheep.
You block the torpor snail's attack. You block the sheep's attack.
You barely miss the sheep.
You feel less protected from physical attacks.
You block the sheep's attack. The torpor snail bites you.
* * * LOW HITPOINT WARNING * * *
You puncture the torpor snail!
The torpor snail is moderately wounded.
You block the sheep's attack. You block the torpor snail's attack.
The sheep bites you but does no damage.
You puncture the torpor snail!
The torpor snail is heavily wounded.
The torpor snail bites you!
You die...

.......†.......†.....##
....####.##...........#
....##.##♣#..####.....##
.......# #...##.##..#.#
.......♣ ♣♣.♣### ##..##
........P♣ ♣♣♣ ##.##
.≈≈≈≈....P♣ #...# ##
≈≈≈≈≈≈....♣
#####.§#..##..
≈≈≈≈≈≈≈....
♣@###.........
≈≈≈≈≈≈≈....
♣Yw§..........
≈≈≈≈≈≈≈....
♣†§..........!
≈≈≈≈≈≈≈....
♣#........}...
###..........
P.......... ##..........
#.......... #.........


You could see a torpor snail and a sheep.

Vanquished Creatures
  A minotaur (Lab)
  Harold (D:10)
  2 hydras
  Urug (Lair:3)
  An unseen horror (D:10)
  Pikel (D:3)
  A manticore (D:11)
  Joseph (Lair:1)
  3 black mambas
  2 torpor snails
  3 spiny frogs
  The ghost of Potsanchik the Magician, a novice DEIE of Sif Muna (D:6)
  2 trolls (D:11)
  A giant leech (Lair:4)
  A slime creature (D:11)
  7 blink frogs
  A shadow (D:11)
  A wraith (Lair:1)
  A wyvern (D:11)
  5 hippogriffs
  2 hogs (Lair:5)
  7 yaks
  3 wargs (D:10)
  Duvessa (D:4)
  8 water moccasins
  5 porcupines
  A sky beast (D:6)
  2 orc warriors
  2 ice beasts (Lair:5)
  A black bear (D:5)
  7 ogres
  11 wolves
  5 centaurs
  3 crocodiles
  5 giant frogs
  2 big kobolds
  Dowan (D:4)
  A wyvern skeleton (D:6)
  5 scorpions
  5 killer bees (D:11)
  3 howler monkeys (D:10)
  A crimson imp (D:11)
  5 hounds
  A giant frog zombie (D:6)
  8 orc priests
  3 jellies (D:11)
  11 orc wizards
  3 centaur skeletons
  9 iguanas
  2 giant frog skeletons
  7 worker ants
  4 sheep (Lair:3)
  A hound skeleton (D:5)
  Robin (D:1)
  A worker ant zombie (D:11)
  3 gnolls
  A howler monkey zombie (D:9)
  13 adders
  24 river rats
  4 shadow imps
  6 oozes
  3 worms
  3 dart slugs
  A giant gecko (D:2)
  47 orcs
  2 bats
  3 giant cockroaches
  10 goblins
  7 hobgoblins
  18 jackals
  4 quokkas
  2 giant newts
  14 kobolds
  2 rats
  4 fungi
  6 plants
351 creatures vanquished.

Vanquished Creatures (collateral kills)
  The ghost of Enish the Inventor, a journeyman KoMo of Pakellas (Lair:1)
  An ice beast (D:11)
  A giant frog (Lair:1)
  A river rat (Lair:1)
4 creatures vanquished.

Vanquished Creatures (others)
  A river rat (D:10)
  2 jackals (D:4)
  A bat (D:4)
  4 fungi
  24 plants
  9 toadstools (Lair:3)
41 creatures vanquished.

Grand Total: 396 creatures vanquished

Notes
Turn   | Place    | Note
--------------------------------------------------------------
     0 | D:1      | IcyTea the Gargoyle Fighter began the quest for the Orb.
     0 | D:1      | Reached XP level 1. HP: 14/14 MP: 1/1
    19 | D:1      | Found a shimmering altar of Xom.
   257 | D:1      | Reached XP level 2. HP: 19/19 MP: 2/2
   464 | D:2      | Reached skill level 3 in Maces & Flails
   477 | D:2      | Noticed Robin
   509 | D:1      | Reached XP level 3. HP: 23/23 MP: 3/3
   682 | D:1      | Killed Robin
   819 | D:2      | Reached skill level 4 in Maces & Flails
   827 | D:2      | Reached XP level 4. HP: 27/28 MP: 4/4
  1358 | D:2      | Found a deep blue altar of Sif Muna.
  1675 | D:3      | Reached skill level 5 in Maces & Flails
  1675 | D:3      | Reached XP level 5. HP: 32/32 MP: 5/5
  1989 | D:4      | Noticed Pikel
  1989 | D:4      | Noticed a slave
  1989 | D:4      | Noticed a slave
  1989 | D:4      | Noticed a slave
  1990 | D:4      | Noticed a slave
  2005 | D:3      | Killed Pikel
  2005 | D:3      | Reached skill level 8 in Maces & Flails
  2005 | D:3      | Reached XP level 6. HP: 14/37 MP: 6/6
  2005 | D:3      | Reached XP level 7. HP: 15/41 MP: 7/7
  2321 | D:4      | Noticed Duvessa
  2339 | D:4      | Noticed Dowan
  2356 | D:4      | Killed Duvessa
  2357 | D:4      | Killed Dowan
  2488 | D:4      | Found a radiant altar of Vehumet.
  2592 | D:4      | Reached skill level 9 in Maces & Flails
  2592 | D:4      | Reached XP level 8. HP: 45/46 MP: 8/8
  2727 | D:4      | Found a stormy altar of Qazlal.
  2732 | D:4      | Became a worshipper of Qazlal Stormbringer
  3293 | D:4      | Noticed Blork the orc
  3438 | D:5      | Entered Level 5 of the Dungeon
  4224 | D:5      | Reached skill level 5 in Shields
  4319 | D:6      | Noticed Potsanchik's ghost (novice DEIE)
  4351 | D:6      | Killed Potsanchik's ghost
  4351 | D:6      | Reached XP level 9. HP: 42/51 MP: 11/11
  4552 | D:6      | Reached * piety under Qazlal
  4744 | D:6      | Learned a level 2 spell: Corpse Rot
  5252 | D:8      | Reached skill level 5 in Armour
  5744 | D:9      | Found Dumaeck's Weapon Shoppe.
  5771 | D:10     | Entered Level 10 of the Dungeon
  6070 | D:10     | Identified Veehyps's Catalogue of Scorching Attacks (You found it on level 10 of the Dungeon)
  6143 | D:10     | Reached skill level 5 in Fighting
  6143 | D:10     | Reached XP level 10. HP: 59/59 MP: 12/12
  6242 | D:10     | Reached ** piety under Qazlal
  6567 | D:10     | Found a staircase to the Lair.
  6657 | D:10     | Killed an unseen horror
  6657 | D:10     | Reached skill level 5 in Invocations
  7061 | D:11     | Found Zifeuta's Gadget Emporium.
  7155 | D:11     | Reached skill level 1 in Throwing
  7175 | D:11     | Learned a level 3 spell: Mephitic Cloud
  7333 | D:11     | Noticed a hill giant
  7569 | D:11     | Reached *** piety under Qazlal
  7637 | D:11     | Found Urocossol's Gadget Shoppe.
  7655 | D:11     | Noticed a manticore
  7667 | D:11     | Killed a manticore
  7705 | D:11     | Reached XP level 11. HP: 60/67 MP: 15/15
  8315 | D:10     | Reached skill level 10 in Maces & Flails
  8645 | D:11     | Found a staircase to the Orcish Mines.
  8665 | Orc:1    | Entered Level 1 of the Orcish Mines
  8686 | Orc:2    | Entered Level 2 of the Orcish Mines
  8728 | D:11     | Reached **** piety under Qazlal
  8816 | Lair:1   | Entered Level 1 of the Lair of Beasts
  8820 | Lair:1   | Found a labyrinth entrance.
  8825 | Lair:1   | Noticed Joseph
  8829 | Lab      | Entered a labyrinth
  9222 | Lab      | Noticed a minotaur
  9229 | Lab      | Killed a minotaur
  9232 | Lab      | Got a twisted scale mail
  9233 | Lab      | Identified the cursed +0 scale mail of the Iron Devil {rElec MP+9} (You took it off a minotaur in a labyrinth)
  9245 | Lab      | Identified a +1 rod of inaccuracy (4/12) (You took it off a minotaur in a labyrinth)
  9310 | Lair:1   | Killed Joseph
  9310 | Lair:1   | Reached skill level 11 in Maces & Flails
  9318 | Lair:1   | Noticed Enish's ghost (journeyman KoMo)
  9329 | Lair:1   | Killed Enish's ghost
  9575 | Lair:1   | Reached skill level 12 in Maces & Flails
  9631 | Lair:1   | Noticed Harold
  9835 | Lair:1   | Noticed a five-headed hydra
 10084 | D:10     | Killed Harold
 10452 | Lair:1   | Reached XP level 12. HP: 72/72 MP: 18/18
 10824 | Lair:3   | Noticed a death yak
 10853 | Lair:4   | Noticed an eight-headed hydra
 10905 | Lair:5   | Noticed Kirke
 11054 | Lair:4   | Killed an eight-headed hydra
 11054 | Lair:4   | Reached skill level 5 in Evocations
 11098 | Lair:4   | Found a staircase to the Swamp.
 11380 | Lair:3   | Noticed a five-headed hydra
 11394 | Lair:3   | Noticed a death yak
 11581 | Lair:3   | Reached ***** piety under Qazlal
 11645 | Lair:3   | Noticed Urug
 11658 | Lair:3   | Killed Urug
 11807 | Lair:3   | Killed a five-headed hydra
 11825 | Lair:3   | Slain by a torpor snail

Skill      XL: |  1  2  3  4  5  6  7  8  9 10 11 12 |
---------------+-------------------------------------+-----
Maces & Flails | 3 4 5 8 9 12 | 12.0
Evocations     | 3 7 |  7.8
Invocations    | 3 6 8 9 |  9.3
Shields        | 6 8 |  8.9
Armour         | 7 |  7.1
Fighting       | 5 7 |  7.1
Throwing       | 4 |  4.8

Action                   |  1- 3 |  4- 6 |  7- 9 | 10-12 || total
-------------------------+-------+-------+-------+-------++-------
Melee: Flail             |    89 |   116 |       |       ||   205
       Whip              |       |       |   531 |   340 ||   871
       Morningstar       |       |       |       |   632 ||   632
Invok: Elemental Force   |       |       |       |     3 ||     3
       Upheaval          |       |       |       |     3 ||     3
Evoke: Wand              |       |       |     7 |    10 ||    17
  Use: Scroll            |       |     7 |    12 |     6 ||    25
       Potion            |       |     6 |     6 |     5 ||    17
  Eat: Chunk             |       |     5 |    13 |    19 ||    37
       Fruit             |       |       |       |     1 ||     1
Armor: Scale mail        |    55 |    36 |       |   220 ||   311
       Chain mail        |       |    17 |   172 |       ||   189
       Plate armour      |       |       |     6 |   267 ||   273
Dodge: Dodged            |    23 |    31 |    62 |   196 ||   312
       Deflected         |       |       |       |     2 ||     2
Block: Shield            |    56 |    57 |   237 |   855 ||  1205
